 Dungeon Crawl Stone Soup version 0.29-a0-222-g5b244fca1f (webtiles) character file.

Game seed: 96598258587480360

21 jlumianski the Chopper (level 2, 0/22 HPs)
             Began as a Demonspawn Gladiator on Feb 27, 2022.
             Succumbed to a hobgoblin's poison
             ... on level 1 of the Dungeon.
             The game lasted 00:02:29 (493 turns).

jlumianski the Chopper (Demonspawn Gladiator)        Turns: 493, Time: 00:02:29

Health: 0/22       AC:  8    Str: 14    XL:     2   Next: 65%
Magic:  1/2        EV: 12    Int:  9    God:
Gold:   13         SH:  4    Dex: 14    Spells: 0/1 levels left

rFire   . . .      SeeInvis .   a - +0 war axe
rCold   . . .      Faith    .   (no shield)
rNeg    . . .      Spirit   .   b - +0 leather armour
rPois   +          Reflect  .   c - +0 helmet
rElec   .          Harm     .   (no cloak)
rCorr   .          Rampage  .   (no gloves)
Will    .....                   (no boots)
Stlth   +.........              (no amulet)
HPRegen 0.07/turn               i - +4 ring of protection
MPRegen 0.08/turn               (no ring)

@: lethally poisoned (0 -> -8)
A: foul stench 1, large bone plates 1, poison resistance
a: no special abilities


You were on level 1 of the Dungeon.
You visited 1 branch of the dungeon, and saw 1 of its levels.

You collected 13 gold pieces.

Inventory:

Hand Weapons
 a - a +0 war axe (weapon)
Missiles
 d - 3 throwing nets (quivered)
 e - 34 stones
Armour
 b - a +0 leather armour (worn)
 c - a +0 helmet (worn)
Jewellery
 i - a +4 ring of protection (left hand)
Scrolls
 f - a scroll of immolation {unknown}
 g - a scroll of vulnerability {unknown}
 h - a scroll of fog {unknown}


   Skills:
 + Level 2.1 Fighting
 + Level 3.3 Axes
 + Level 1.8 Throwing
 + Level 2.9 Dodging


You couldn't memorise any spells.
You knew the following spells:

 Your Spells              Type           Power      Damage    Failure   Level
a - Summon Small Mammal   Summ           0%         N/A       45%         1

Your spell library contained the following spells:

 Spells                   Type           Power      Damage    Failure   Level
 Animate Skeleton         Necr           0%         N/A       45%         1
 Apportation              Tloc           0%         N/A       45%         1
 Sublimation of Blood     Necr           0%         N/A       61%         2
 Wereblood                Tmut           0%         N/A       61%         2
 Summon Hydra             Summ           0%         N/A       100%        7


Dungeon Overview and Level Annotations

Branches:
Dungeon (1/15)

Altars:


Innate Abilities, Weirdness & Mutations

You may rarely emit foul miasma when damaged in melee.
You are partially covered in large bone plates. (SH +4)
Your system is resistant to poisons. (rPois)


Message History

You barely miss the ball python.
The ball python is moderately wounded.
The ball python bites you. The ball python grabs you.
The ball python constricts you.
You hit the ball python.
You kill the ball python!
Magic restored.
Your rat disappears in a puff of smoke!
A hobgoblin is nearby!
Found a ring mail.
The hobgoblin shouts!
Casting: Summon Small Mammal (safe; 45% risk of failure)
Confirm with . or Enter, or press ? or * to list all spells.
A frilled lizard comes into view.
Found a scroll labelled QAILEK YCESEIL.
The hobgoblin barely misses you.
Your bat hits the hobgoblin but does no damage.
A giant cockroach comes into view.
You barely miss the hobgoblin.
Your bat hits the hobgoblin but does no damage.
The hobgoblin hits you with a +1 short sword of venom!
You are lethally poisoned!
A giant cockroach comes into view.
The hobgoblin completely misses you.
You hit the hobgoblin.
The hobgoblin is almost dead.
You feel very sick.
Your bat hits the hobgoblin but does no damage.
Your bat barely misses the hobgoblin.
The hobgoblin closely misses your bat.
Your bat misses the frilled lizard. You hit the hobgoblin.
You kill the hobgoblin!
* * * LOW HITPOINT WARNING * * *
You feel very sick.
It was a potion of mutation.
You feel extremely strange.
You feel resistant to poisons.
Large bone plates grow over parts of your arms.
* * * LOW HITPOINT WARNING * * *
You feel sick. You block the frilled lizard's attack.
Your bat completely misses the frilled lizard.
You die...

.#....†)# #
#.._...######## .
#....†......... #
#.#......########
#.#####.###.#..........
.[..............#######
...........##...#
..##...###.##...#
?....Bl.@.......#
..##..bB...##.#.#
#.......##.#...
..........##.#####
###.#.....##.#
#.###.####.# # #.# #.#
... ..#


You could see 2 giant cockroaches, a frilled lizard (ally target) and a friendly
bat (summoned).

Vanquished Creatures
  2 endoplasms (D:1)
  2 goblins (D:1)
  3 hobgoblins (D:1)
  3 jackals (D:1)
  4 kobolds (D:1)
  A ball python (D:1)
15 creatures vanquished.

Vanquished Creatures (collateral kills)
  A jackal (D:1)
  A ball python (D:1)
2 creatures vanquished.

Grand Total: 17 creatures vanquished

Notes
Turn   | Place    | Note
-------+----------+-------------------------------------------
     0 | D:1      | jlumianski the Demonspawn Gladiator began the quest for the
                  | Orb.
     0 | D:1      | Reached XP level 1. HP: 16/16 MP: 1/1
   308 | D:1      | Reached skill level 3 in Axes
   308 | D:1      | Gained mutation: You may rarely emit foul miasma when
                  | damaged in melee. [demonic ancestry]
   308 | D:1      | Reached XP level 2. HP: 22/22 MP: 2/2
   341 | D:1      | Learned a level 1 spell: Summon Small Mammal
   379 | D:1      | Found a faded altar of an unknown god.
   492 | D:1      | Gained mutation: Your system is resistant to poisons.
                  | (rPois) [potion of mutation]
   492 | D:1      | Gained mutation: You are partially covered in large bone
                  | plates. (SH +4) [potion of mutation]
   493 | D:1      | Succumbed to a hobgoblin's poison

Illustrated notes

Levels and vault maps discovered:
D:1:      dpeg_arrival_simpleton_b, layout_loops_ring, serial_shops,
          nicolae_shop_statue_plus, ebering_ecumenical_altar_sacrificial

Skill      XL: |  1 |
---------------+----+-----
Axes           | 3 |  3.3
Fighting       | |  2.1
Throwing       | |  1.8
Dodging        | |  2.9

Action                   || total
-------------------------++-------
Melee: War axe           ||    42
 Cast: Summon Small Mamm ||     3
  Use: Potion            ||     1
Armor: Leather armour    ||    18
Dodge: Dodged            ||    32
Block: Other             ||     1

Table legend: (Time is in decaauts)
 A = Elapsed time spent in this place.
 B = Non-inter-level travel time spent in this place.
 C = Inter-level travel time spent in this place.
 D = Time resting spent in this place.
 E = Time spent auto-exploring this place.
 F = Levels seen in this place.
 G = Mean time per level.
                   A        B        C        D        E       F      G
               +--------+--------+--------+--------+--------+-----+--------+
         Total |    507 |    507 |      0 |      0 |    351 |   1 |  507.0 |
       Dungeon |    507 |    507 |      0 |      0 |    351 |   1 |  507.0 |
               +--------+--------+--------+--------+--------+-----+--------+

Top non-repeatable levels by time:
     D:1: 507 daAuts
